Map: Backwater LE

Players

Hiisi - Winner!

  • Race: Zerg Zerg
  • League: Diamond
  • Spawn Location: 11:00

Plasmid

  • Race: Zerg Zerg
  • League: Diamond
  • Spawn Location: 5:00

VOD

Have the link to the VOD?

Description

Went muta roach and lost to roach hydra

Time

  • Played on: April 4, 2018, 9:31 p.m.
  • Length: 12:14
Show
View Real Time Build Order
Export as new Build Order

Hiisi Zerg - Winner!

Build Orders: Hatch First 

Get SALT Encoding   

  12  0:01  Drone  
  13  0:12  Overlord  
  13  0:17  Drone  
  14  0:31  Drone x2  
  14  0:34  Drone  
  17  0:54  Hatchery  
  16  0:58  Drone  
  16  1:00  Drone  
  18  1:13  Extractor  
  18  1:16  Spawning Pool  
  16  1:18  Drone  
  16  1:22  Drone  
  18  1:28  Drone  
  19  1:39  Overlord  
  19  2:04  Drone  
  19  2:05  Zergling x2  
  19  2:06  Queen x2  
  19  2:08  Drone  
  26  2:12  Drone  
  26  2:15  Metabolic Boost  
  27  2:17  Drone  
  28  2:23  Drone  
  29  2:39  Hatchery  
  29  2:42  Drone  
  29  2:49  Baneling Nest  
  29  2:50  Drone  
  29  2:58  Overlord  
  29  3:01  Drone x2  
  31  3:09  Zergling x6  
  34  3:13  Zergling x2  
  34  3:17  Zergling x4  
  36  3:37  Zergling x12  
  42  3:44  Queen  
  44  3:50  Overlord  
  44  3:58  Drone x5  
  44  3:59  Drone  
  50  4:09  Drone x5  
  55  4:13  Overlord  
  55  4:16  Baneling x2  
  55  4:17  Baneling x2  
  55  4:18  Baneling x2  
  55  4:20  Drone  
  55  4:23  Extractor x2  
  51  4:41  Drone x6  
  51  4:42  Drone x2  
  51  4:45  Drone  
  57  4:48  Drone x2  
  57  4:51  Overlord  
  57  4:57  Overlord  
  55  5:01  Overlord  
  55  5:02  Drone x2  
  55  5:06  Zergling x10  
  60  5:13  Lair  
  60  5:14  Drone x2  
  60  5:19  Drone  
  63  5:25  Zergling x2  
  63  5:26  Zergling x4  
  66  5:34  Drone x2  
  68  5:37  Drone  
  68  5:40  Extractor x2  
  68  5:41  Drone x2  
  69  5:44  Drone x4  
  69  5:47  Drone x2  
  69  5:49  Drone x2  
  77  5:54  Overlord  
  77  5:57  Overlord x2  
  77  6:07  Overlord x3  
  77  6:10  Queen  
  77  6:11  Queen  
  83  6:14  Hydralisk Den  
  83  6:17  Overseer  
  81  6:20  Pneumatized Carapace  
  81  6:23  Overlord x2  
  81  6:24  Overlord  
  79  6:31  Drone x2  
  79  6:32  Drone x3  
  84  6:33  Drone  
  84  6:35  Extractor  
  84  6:51  Grooved Spines, Hydralisk  
  84  6:52  Hydralisk x12  
  110  6:58  Roach Warren  
  109  7:03  Queen  
  109  7:06  Hydralisk x3  
  117  7:27  Lurker Den  
  116  7:35  Evolution Chamber  
  115  7:39  Evolution Chamber  
  115  7:43  Roach  
  126  7:44  Roach x16  
  148  7:58  Queen x2  
  148  8:00  Queen  
  151  8:07  Zerg Missile Weapons Level 1, Zerg Ground Armor Level 1  
  149  8:18  Hydralisk, Spore Crawler  
  149  8:19  Hydralisk  
  152  8:22  Spore Crawler  
  151  8:29  Spore Crawler  
  151  8:34  Queen x2  
  149  8:37  Muscular Augments  
  151  8:42  Spore Crawler x2  
  151  8:47  Spore Crawler  
  148  8:52  Roach x2  
  148  8:53  Overlord  
  148  8:54  Overlord x3  
  152  9:08  Extractor  
  151  9:18  Overlord x2  
  151  9:19  Hydralisk x6  
  163  9:32  Overseer x2  
  163  9:36  Overlord x3  
  163  9:39  Hydralisk  
  163  9:40  Hydralisk x2  
  169  9:52  Hydralisk x4  
  171  9:55  Lurker x2  
  177  10:01  Drone x2  
  176  10:50  Hatchery  
  176  10:55  Hydralisk  
  176  10:56  Hydralisk x12  
  162  11:09  Hydralisk x4  
  156  11:29  Roach  
  156  11:30  Roach x9  
  155  11:46  Roach  
  167  11:47  Roach x6  
  163  11:57  Drone x8  
  163  12:02  Infestation Pit  
Show
View Real Time Build Order
Export as new Build Order

Plasmid Zerg 

Build Orders: Hatch First 

Get SALT Encoding   

  12  0:02  Drone  
  13  0:14  Overlord  
  13  0:19  Drone  
  14  0:32  Drone  
  14  0:33  Drone  
  16  0:36  Drone  
  17  0:49  Drone  
  18  1:00  Hatchery  
  17  1:06  Extractor  
  17  1:07  Drone  
  17  1:10  Drone  
  18  1:22  Drone  
  18  1:23  Spawning Pool  
  18  1:30  Drone  
  19  1:40  Overlord  
  19  1:53  Drone  
  20  2:09  Metabolic Boost  
  20  2:10  Queen  
  20  2:11  Queen  
  20  2:12  Zergling x2  
  20  2:13  Zergling x2  
  26  2:15  Drone  
  27  2:25  Drone x2  
  29  2:34  Drone x2  
  31  2:51  Hatchery  
  30  2:58  Drone x4  
  34  3:10  Overlord  
  34  3:13  Queen  
  36  3:31  Drone  
  36  3:32  Drone x4, Overlord  
  36  3:33  Drone x3  
  44  3:38  Lair  
  44  4:00  Extractor  
  44  4:02  Extractor x2, Drone x6  
  47  4:03  Drone x2  
  47  4:12  Evolution Chamber  
  47  4:14  Evolution Chamber  
  45  4:17  Zergling x2  
  45  4:18  Evolution Chamber, Zergling x10  
  45  4:21  Evolution Chamber  
  49  4:27  Zergling x6  
  52  4:43  Spine Crawler  
  52  4:44  Spine Crawler  
  50  4:47  Spine Crawler  
  49  4:54  Drone x6  
  49  4:55  Drone  
  56  5:06  Drone  
  56  5:07  Drone  
  58  5:17  Overlord  
  58  5:18  Baneling Nest  
  58  5:19  Queen  
  58  5:20  Spire  
  58  5:34  Overlord  
  58  5:35  Overlord  
  58  5:40  Drone x6  
  58  5:41  Drone  
  65  6:02  Queen  
  65  6:03  Extractor x2, Overlord  
  65  6:04  Overlord  
  65  6:07  Baneling x3  
  65  6:08  Baneling  
  65  6:13  Drone x4  
  65  6:14  Drone x2  
  65  6:18  Overlord x2  
  71  6:39  Mutalisk x6  
  73  6:40  Mutalisk x4  
  91  6:48  Unknown  
  91  7:00  Mutalisk  
  91  7:01  Mutalisk x4  
  101  7:11  Drone x2  
  101  7:12  Drone x6  
  109  7:30  Drone  
  109  7:31  Drone x4  
  109  7:36  Roach Warren  
  113  7:48  Overlord x4  
  113  7:49  Overlord x3  
  103  8:16  Glial Reconstitution  
  103  8:19  Zerg Missile Weapons Level 1, Zerg Ground Armor Level 1  
  102  8:20  Roach  
  102  8:21  Roach x9  
  102  8:22  Roach x3  
  128  8:29  Roach  
  128  8:46  Roach x5  
  138  8:54  Hydralisk Den, Roach x4  
  138  8:55  Roach  
  149  9:03  Roach x6  
  149  9:07  Overlord  
  159  9:14  Roach  
  159  9:15  Roach x2  
  165  9:28  Roach x6, Lurker Den  
  165  9:29  Roach  
  178  9:39  Overlord x5  
  178  9:40  Overlord  
  178  9:44  Tunneling Claws  
  178  9:47  Burrow  
  182  10:00  Roach x6  
  182  10:01  Roach x5  
  200  10:21  Overseer x4  
  162  11:02  Roach  
  162  11:03  Roach x11  
  162  11:04  Roach x7  
  148  11:07  Roach  
  110  11:21  Roach x4  
  110  11:22  Roach  
  110  11:43  Roach x4  
  110  11:44  Roach x2  
Tags
 
Add a new tag
Caveats
  • Supply blocks, unpowered buildings, or Contaminate may cause inaccurate times.
  • Supply counts are checked every 10 seconds.